 Dungeon Crawl Stone Soup version 0.30-a0-719-gcc4359ea44 (webtiles) character file.

Game seed: 12794547395113541069

450 karrick the Covered (level 7, -4/43 HPs)
             Began as a Gargoyle Fighter on Jan 26, 2023.
             Slain by Menkaure (17 damage)
             ... on level 4 of the Dungeon.
             The game lasted 00:10:20 (3791 turns).

karrick the Covered (Gargoyle Fighter)              Turns: 3791, Time: 00:10:20

Health: -4/43      AC: 12    Str: 20    XL:     7   Next: 4%
Magic:  7/7        EV: 10    Int:  8    God:
Gold:   217        SH:  4    Dex: 11    Spells: 6/6 levels left

rFire   . . .      SeeInvis .    a - +0 war axe
rCold   . . .      Faith    .    c - +0 buckler
rNeg    + . .      Spirit   .    b - +0 scale mail
rPois   ∞          Reflect  .    (no helmet)
rElec   +          Harm     .    (no cloak)
rCorr   .          Rampage  .    (no gloves)
Will    .....                    (no boots) Stlth
                                 (no amulet)
HPRegen 0.27/turn                (no ring)
MPRegen 0.10/turn                (no ring)

@: very slow
A: sickness immunity, AC +4, negative energy resistance 1, electricity
resistance, torment resistance 1, petrification resistance
a: no special abilities


You were on level 4 of the Dungeon.
You visited 2 branches of the dungeon, and saw 5 of its levels.
You also visited: Sewer.

You collected 217 gold pieces.

Inventory:

Hand Weapons
 a - a +0 war axe (weapon)
Armour
 b - a +0 scale mail (worn)
 c - a +0 buckler (worn)
Jewellery
 j - a ring of positive energy
 s - a ring of protection from fire
 v - an amulet of the acrobat
Wands
 l - a wand of flame (26)
Scrolls
 d - a scroll of butterflies {unknown}
 g - a scroll of magic mapping {unknown}
 i - 3 scrolls of teleportation {unknown}
 k - 4 scrolls of poison {unknown}
 n - 4 scrolls of identify {unknown}
 q - a scroll of amnesia {unknown}
 t - a scroll of fog {unknown}
 u - a scroll of fear {unknown}
Potions
 e - a potion of ambrosia {unknown}
 f - 3 potions of heal wounds {unknown}
 h - a potion of magic {unknown}
 m - a potion of attraction {unknown}
 o - 2 potions of haste {unknown}
 p - a potion of might
 r - 3 potions of curing {unknown}


   Skills:
 + Level 4.1 Fighting
 + Level 4.5 Axes
 + Level 4.6 Armour
 + Level 2.0 Dodging
 + Level 0.4 Stealth
 + Level 4.1 Shields


You had 6 spell levels left.
You didn't know any spells.
Your spell library contained the following spells:

 Spells                   Type           Power      Damage    Failure   Level
 Chain Lightning          Conj/Air       0%         N/A       100%        9
 Fire Storm               Conj/Fire      0%         5d1       100%        9
 Shatter                  Erth           0%         3d5*      100%        9


Dungeon Overview and Level Annotations

Branches:
Dungeon (4/15)             Temple (1/1) D:4           Sewer (visited)

Altars:
Cheibriados
Elyvilon
Fedhas
Gozag
Hepliaklqana
Kikubaaqudgha
Makhleb
Nemelex Xobeh
Qazlal
Ru
Sif Muna
Trog
Uskayaw
Vehumet
Xom
Zin
The Shining One

Shops:
D:3 [   D:4 (

Annotations:
D:4 Menkaure


Innate Abilities, Weirdness & Mutations

You are immune to sickness and miasma.
Your stone body is resilient. (AC +4)
You are immune to poison.
You resist negative energy. (rN+)
You are resistant to electric shocks. (rElec)
You are resistant to unholy torment.
You are immune to petrification.


Message History

Things that are here:
a +0 club; an orc corpse
r - 3 fuming clear potions (gained 2)
You now have 217 gold pieces (gained 15).
v - an amulet of the acrobat The orc shouts!
You hear a shout!
Found a robe.
No target in view!
Menkaure, Prince of Dust comes into view.
Menkaure shouts!
You enter the shallow water.
Moving in this stuff is going to be slow.
Menkaure casts a spell at you. Pain shoots through your body!
Menkaure hits you!
Your unstable footing causes you to fumble your attack.
You block Menkaure's attack. Menkaure closely misses you.
You slash Menkaure!
Menkaure is heavily damaged.
Menkaure hits you!
Your unstable footing causes you to fumble your attack.
Menkaure hits you!
* * * LOW HITPOINT WARNING * * *
You barely miss Menkaure.
Menkaure is heavily damaged.
Menkaure closely misses you.
Your unstable footing causes you to fumble your attack.
Menkaure splashes around in the water.
You hit Menkaure.
Menkaure is severely damaged.
Menkaure barely misses you.
You completely miss Menkaure.
Menkaure is severely damaged.
Menkaure splashes around in the water.
Your unstable footing causes you to fumble your attack.
Menkaure closely misses you.
You hit Menkaure.
Menkaure is almost destroyed.
Menkaure hits you!
You die...

.#........#....~≈≈≈≈≈≈≈
≈≈
##.#..>...#....~~#####~
~ ...#......#....~≈# .#
.###......#....~≈# # .#
#......#...P~≈### .#
#....>.#....~≈~.# .#
#......#[...~≈≈.# ##
#......#....~≈~.#
##.....#....~@~.#
#....~~M.# #....~≈~.#
#.P..~≈~.# #....~≈~.#
#....≈≈### #...P~≈#
#....≈≈#


You could see Menkaure.

Vanquished Creatures
  3 hounds
  2 orc priests (D:4)
  An iguana (D:4)
  An orc wizard (D:4)
  A hell rat (Sewer)
  3 gnolls
  4 river rats (Sewer)
  3 adders
  2 worms
  5 dart slugs
  13 orcs
  6 ball pythons
  9 endoplasms
  11 giant cockroaches
  7 goblins
  8 hobgoblins
  6 jackals
  5 quokkas
  5 bats (D:2)
  4 frilled lizards
  6 kobolds
  2 rats
107 creatures vanquished.

Notes
Turn   | Place    | Note
-------+----------+-------------------------------------------
     0 | D:1      | karrick the Gargoyle Fighter began the quest for the Orb.
     0 | D:1      | Reached XP level 1. HP: 14/14 MP: 1/1
    72 | D:1      | Reached XP level 2. HP: 2/19 MP: 2/2
   296 | D:1      | Reached XP level 3. HP: 19/23 MP: 3/3
   738 | D:2      | Found a faded altar of an unknown god.
   844 | D:2      | Identified the +6 scale mail "Uschovyl" {*Slow Str+5
                  | Slay+3}
  1182 | D:2      | Reached XP level 4. HP: 25/29 MP: 4/4
  1757 | D:3      | Found Ynteq's Armour Boutique.
  1856 | D:3      | Found a glowing drain.
  1896 | Sewer    | Entered a sewer
  1975 | Sewer    | Reached XP level 5. HP: 7/33 MP: 5/5
  2037 | Sewer    | Upgraded the game from 0.30-a0-718-geaa24f58ff to
                  | 0.30-a0-719-gcc4359ea44
  2097 | Sewer    | Reached skill level 1 in Dodging
  2950 | D:4      | Reached XP level 6. HP: 38/38 MP: 6/6
  2964 | D:4      | Found a sparkling altar of Nemelex Xobeh.
  2989 | D:4      | Found a blossoming altar of Fedhas.
  3050 | D:4      | Found Qiluj's Weapon Emporium.
  3099 | D:4      | Found a staircase to the Ecumenical Temple.
  3136 | D:4      | Found a shimmering altar of Xom.
  3172 | Temple   | Entered the Ecumenical Temple
  3448 | D:4      | Found a shimmering blue altar of Sif Muna.
  3637 | D:4      | Reached XP level 7. HP: 26/43 MP: 7/7
  3778 | D:4      | Noticed Menkaure
  3791 | D:4      | Slain by Menkaure

Illustrated notes

Levels and vault maps discovered:
D:1:      kilobyte_arrival_exit_the_forest, layout_rooms
D:2:      layout_basic, hellmonk_ecumenical_altar_crossroads,
          nicolae_concentric_dashed_squares_wild
D:3:      layout_basic, serial_shops, shop, gup_sewer_entry_glass, st_stairs_4
D:4:      lemuel_castle_with_subvaults [lemuel_castle_interior_carwin_1],
          layout_rooms, old_standard_altar, nicolae_overflow_quartered_altars,
          minmay_temple_entry_sparse_star, serial_shops, shop_fountains,
          uniq_menkaure
Temple:   oiseaux_autumnal_temple

Skill      XL: |  1  2  3  4  5  6 |
---------------+-------------------+-----
Axes           | 2 3 4 |  4.5
Armour         | 4 |  4.6
Dodging        | 1 2 |  2.0
Fighting       | 4 |  4.1
Shields        | 4 |  4.1
Stealth        | |  0.4

Action                     |  1- 3 |  4- 6 |  7- 9 || total
---------------------------+-------+-------+-------++-------
  Melee: War axe           |   126 |   233 |     9 ||   368
    Use: Potion            |       |     1 |       ||     1
 Armour: Scale mail        |    69 |   132 |       ||   201
  Dodge: Dodged            |    68 |   133 |     4 ||   205
  Block: Buckler           |    30 |    72 |     1 ||   103

Table legend: (Time is in decaauts)
 A = Elapsed time spent in this place.
 B = Non-inter-level travel time spent in this place.
 C = Inter-level travel time spent in this place.
 D = Time resting spent in this place.
 E = Time spent auto-exploring this place.
 F = Levels seen in this place.
 G = Mean time per level.
                   A        B        C        D        E       F      G
               +--------+--------+--------+--------+--------+-----+--------+
         Total |   3974 |   3831 |    143 |     50 |   2842 |   6 |  662.3 |
       Dungeon |   3420 |   3308 |    112 |      0 |   2471 |   4 |  855.0 |
        Temple |    265 |    235 |     30 |      0 |    221 |   1 |  265.0 |
         Sewer |    289 |    289 |      0 |     50 |    149 |   1 |  289.0 |
               +--------+--------+--------+--------+--------+-----+--------+

Top non-repeatable levels by time:
     D:3: 1034 daAuts
     D:2: 984 daAuts
     D:1: 781 daAuts
     D:4: 621 daAuts
   Sewer: 289 daAuts
  Temple: 265 daAuts
